 Dungeon Crawl Stone Soup version 0.31.0-11-ge490571c62 (webtiles) character file.

Game seed: 10558837758666713955

825 qw the Ducker (level 7, -1/35 HPs)
             Began as a Spriggan Hunter on Feb 3, 2024.
             Slain by an ice beast (9 damage)
             ... on level 5 of the Dungeon.
             The game lasted 00:00:17 (3908 turns).

qw the Ducker (Spriggan Hunter)                     Turns: 3908, Time: 00:00:18

Health: -1/35      AC:  5    Str: 13    XL:     7   Next: 64%
Magic:  0/8        EV: 22    Int: 10    God:
Gold:   276        SH:  0    Dex: 19    Spells: 6/6 levels left

rFire   . . .        a - +0 shortbow
rCold   . . .        (shield currently unavailable)
rNeg    . . .        c - +0 robe
rPois   .            (helmet restricted)
rElec   .            g - +2 cloak
rCorr   .            (gloves unavailable)
SInv    +            (boots unavailable)
Will    +....        b - amulet of guardian spirit
Stlth   ++           h - +6 ring of strength
HPRegen 0.25/turn    (no ring)
MPRegen 0.11/turn

%: guardian spirit
@: very quick
A: very small, no large weapons, unfitting armour, see invisible, speed 3,
clumsy 1, high MP 1, subdued magic 1
a: no special abilities


You were on level 5 of the Dungeon.
You visited 1 branch of the dungeon, and saw 5 of its levels.

You collected 276 gold pieces.


Innate Abilities, Weirdness & Mutations

You are very small and have problems with some larger weapons.
You are too small for most types of armour.
You have supernaturally acute eyesight. (SInv)
You cover ground extremely quickly. (Speed+++)
You are clumsy. (Dex -2)
You have an increased reservoir of magic. (+10% MP)
Your spells are a little easier to cast, but a little less powerful.


   Skills:
 - Level 2.0 Fighting
 + Level 7.4 Ranged Weapons
 - Level 7.9 Dodging
 - Level 1.5 Stealth


You had 6 spell levels left.
You didn't know any spells.
Your spell library was empty.

Inventory:

Hand Weapons
 a - a +0 shortbow (weapon)
Armour
 c - a +0 robe (worn)
 g - a +2 cloak (worn)
Jewellery
 b - an amulet of guardian spirit (around neck)
 h - a +6 ring of strength (left hand)
 i - an amulet of reflection
Wands
 l - a wand of iceblast (9)
Scrolls
 d - a scroll of identify
 f - a scroll of fog {unknown}
Potions
 e - a potion of might

Dungeon Overview and Level Annotations

Branches:
Dungeon (5/15)
 Temple: D:4-7

Altars:
Hepliaklqana
Ru
Trog

Shops:
D:3 =


Message History

The ice beast is heavily wounded.
The ice beast hits you but does no damage.
You shoot an arrow. The arrow hits the ice beast.
The ice beast is heavily wounded.
The ice beast hits you but does no damage.
You shoot an arrow. The arrow hits the ice beast!
The ice beast is almost dead.
The ice beast completely misses you. The ice beast hits you.
The ice beast freezes you!
You shoot an arrow.
The arrow hits the ice beast but does no damage.
The ice beast is almost dead.
The ice beast closely misses you.
You shoot an arrow.
The arrow hits the ice beast but does no damage.
The ice beast is almost dead.
The ice beast completely misses you.
You shoot an arrow.
The arrow completely misses the ice beast.
The ice beast misses you.
You shoot an arrow. The arrow closely misses the ice beast.
The ice beast barely misses you.
You shoot an arrow. The arrow barely misses the ice beast.
The ice beast hits you. The ice beast freezes you.
You shoot an arrow. The arrow barely misses the ice beast.
The ice beast closely misses you.
You shoot an arrow. The arrow closely misses the ice beast.
The ice beast hits you but does no damage.
You shoot an arrow.
The arrow hits the ice beast but does no damage.
The ice beast is almost dead.
The ice beast closely misses you.
You shoot an arrow. The arrow hits the ice beast.
The ice beast is almost dead.
The ice beast hits you. The ice beast freezes you!
You shoot an arrow. The arrow barely misses the ice beast.
The ice beast barely misses you.
You shoot an arrow. The arrow closely misses the ice beast.
The ice beast hits you. The ice beast freezes you!
You die...

#..####.#######..#
#... #.# #..# #.#
####.#### #..# #
#.......# #..##
#.#####.####...# #
#.#....#.###########
#...................
#............#######
#.#####.#@##.#####.#
#.......#Y##.# #.#
#########.##. #.#
#.##. #.####### #.#
#........ ...
.#####..###### #..
.............. ..#
######..#####.
######.)###...


You could see an ice beast.

Vanquished Creatures
  Sigmund (D:5)
  Menkaure (D:4)
  2 centaurs (D:4)
  An ogre (D:4)
  3 hounds (D:4)
  An iguana (D:4)
  Jessica (D:3)
  Natasha (D:2)
  9 adders
  2 ribbon worms
  4 dart slugs
  5 orcs (D:4)
  4 bats
  9 endoplasms
  3 giant cockroaches
  7 goblins
  6 hobgoblins
  3 jackals (D:2)
  6 quokkas
  5 ball pythons
  4 frilled lizards (D:1)
  11 kobolds
  4 rats
93 creatures vanquished.

Notes
Turn   | Place    | Note
-------+----------+-------------------------------------------
     0 | D:1      | qw the Spriggan Hunter began the quest for the Orb.
     0 | D:1      | Reached XP level 1. HP: 10/10 MP: 2/2
     0 | D:1      | 0 ||| qw: Version: 0.3-a-157-g843a77d
     0 | D:1      | 0 ||| qw: Game counter: 3688
     0 | D:1      | 0 ||| qw: Melee chars always use a shield: true
     0 | D:1      | 0 ||| qw: God list: Okawaru
     0 | D:1      | 0 ||| qw: Allow faded altars: false
     0 | D:1      | 0 ||| qw: Do Orc after clearing Dungeon:15 true
     0 | D:1      | 0 ||| qw: Do second Lair branch before Depths: true
     0 | D:1      | 0 ||| qw: Lair rune preference: random
     0 | D:1      | 0 ||| qw: Goals: Normal
     0 | D:1      | 0 ||| PLANNING D:1-11
    26 | D:1      | Reached skill level 3 in Dodging
    59 | D:1      | Reached XP level 2. HP: 8/14 MP: 3/3
   191 | D:1      | Found a faded altar of an unknown god.
   191 | D:1      | Noticed a great orb of eyes
   193 | D:1      | Noticed an eye of devastation
   194 | D:1      | Noticed a golden eye
   194 | D:1      | Noticed a shining eye
   372 | D:1      | Reached XP level 3. HP: 18/18 MP: 4/4
   601 | D:1      | 601 ||| DROPPING ring of magical power.
   602 | D:1      | 602 ||| READING scroll labelled QOIREM PIWIEJE.
   602 | D:1      | 602 ||| IDENTIFYING scroll labelled BAUDOHIOMO
   603 | D:1      | 603 ||| DROPPING scroll of butterflies.
   604 | D:1      | 604 ||| DROPPING scroll of poison.
   736 | D:2      | Reached XP level 4. HP: 22/22 MP: 5/5
   815 | D:2      | Identified the +3 spear "Dyev" {drain, rF+}
   918 | D:2      | Found a sacrificial altar of Ru.
  1055 | D:2      | Noticed Natasha
  1060 | D:2      | Killed Natasha
  1140 | D:2      | 1140 ||| READING scroll of identify.
  1140 | D:2      | 1140 ||| IDENTIFYING fuming ruby potion
  1141 | D:2      | 1141 ||| DROPPING potion of degeneration.
  1183 | D:3      | Noticed Jessica
  1192 | D:3      | Killed Jessica
  1296 | D:3      | Reached XP level 5. HP: 25/26 MP: 6/6
  1365 | D:3      | Found Todaxtiy's Jewellery Shoppe.
  1369 | D:3      | 1369 ||| SHOPLISTING +4 ring of protection (396 gold, have
                  | 171).
  1369 | D:3      | 1369 ||| SHOPLISTING +6 ring of dexterity (396 gold, have
                  | 171).
  1369 | D:3      | 1369 ||| SHOPLISTING amulet of guardian spirit (330 gold,
                  | have 171).
  1369 | D:3      | 1369 ||| SHOPLISTING amulet of the acrobat (330 gold, have
                  | 171).
  1369 | D:3      | 1369 ||| SHOPLISTING ring of Wuyqoar {Fly MP+9 Int+2
                  | Stlth-} (350 gold, have 171).
  1369 | D:3      | 1369 ||| SHOPLISTING ring of positive energy (220 gold,
                  | have 171).
  1369 | D:3      | 1369 ||| SHOPLISTING ring of protection from cold (275
                  | gold, have 171).
  1909 | D:3      | 1909 ||| READING 2 scrolls of identify.
  1909 | D:3      | 1909 ||| IDENTIFYING clear potion
  1910 | D:3      | 1910 ||| READING scroll of identify.
  1910 | D:3      | 1910 ||| IDENTIFYING scroll labelled NACZAI BEMAITIAXU
  1911 | D:3      | 1911 ||| READING scroll labelled GULITO REGA LOAR.
  1912 | D:3      | 1912 ||| DROPPING scroll of fear.
  2203 | D:4      | Noticed a centaur
  2205 | D:4      | 2205 ||| FLEEEEING.
  2214 | D:4      | Killed a centaur
  2215 | D:4      | Reached skill level 6 in Ranged Weapons
  2215 | D:4      | Reached XP level 6. HP: 13/30 MP: 7/7
  2755 | D:4      | Found a hazy altar of Hepliaklqana.
  2973 | D:4      | Found a bloodstained altar of Trog.
  3013 | D:4      | 3013 ||| UPGRADING to +2 cloak.
  3018 | D:4      | 3018 ||| UPGRADING to amulet of guardian spirit.
  3023 | D:4      | 3023 ||| DROPPING amulet of magic regeneration.
  3024 | D:4      | 3024 ||| UPGRADING to +6 ring of strength.
  3025 | D:4      | 3025 ||| READING scroll labelled SUUHUPSAWEE.
  3026 | D:4      | 3026 ||| READING scroll labelled QIBIAS ZYTH.
  3096 | D:5      | Entered Level 5 of the Dungeon
  3111 | D:5      | Noticed Menkaure
  3112 | D:5      | 3112 ||| FLEEEEING.
  3113 | D:5      | 3113 ||| FLEEEEING.
  3114 | D:5      | 3114 ||| FLEEEEING.
  3115 | D:5      | 3115 ||| FLEEEEING.
  3116 | D:5      | 3116 ||| FLEEEEING.
  3117 | D:5      | 3117 ||| FLEEEEING.
  3118 | D:5      | 3118 ||| STAIRDANCE
  3139 | D:4      | 3139 ||| READING scroll of identify.
  3139 | D:4      | 3139 ||| IDENTIFYING viscous ruby potion
  3142 | D:5      | 3142 ||| STAIRDANCE
  3209 | D:5      | 3209 ||| STAIRDANCE
  3227 | D:5      | 3227 ||| STAIRDANCE
  3238 | D:5      | 3238 ||| STAIRDANCE
  3258 | D:5      | 3258 ||| STAIRDANCE
  3275 | D:4      | Reached skill level 6 in Dodging
  3306 | D:5      | 3306 ||| STAIRDANCE
  3355 | D:5      | 3355 ||| STAIRDANCE
  3364 | D:5      | 3364 ||| STAIRDANCE
  3406 | D:5      | 3406 ||| STAIRDANCE
  3455 | D:5      | 3455 ||| STAIRDANCE
  3460 | D:5      | 3460 ||| ZAPPING wand of iceblast (12) at 0,2 (Menkaure;
                  | floor).
  3462 | D:5      | Noticed Sigmund
  3463 | D:5      | 3463 ||| STAIRDANCE
  3468 | D:4      | Killed Menkaure
  3469 | D:4      | Reached XP level 7. HP: 24/35 MP: 5/8
  3518 | D:5      | 3518 ||| STAIRDANCE
  3524 | D:5      | 3524 ||| STAIRDANCE
  3526 | D:5      | 3526 ||| STAIRDANCE
  3528 | D:4      | 3528 ||| DRINKING viscous green potion.
  3528 | D:4      | Gained mutation: You are clumsy. (Dex -2) [potion of
                  | mutation]
  3528 | D:4      | Gained mutation: Your spells are a little easier to cast,
                  | but a little less powerful. [potion of mutation]
  3528 | D:4      | Gained mutation: You have an increased reservoir of magic.
                  | (+10% MP) [potion of mutation]
  3529 | D:4      | 3529 ||| DRINKING pink potion.
  3566 | D:5      | 3566 ||| DRINKING potion of haste.
  3580 | D:5      | 3580 ||| STAIRDANCE
  3836 | D:5      | 3836 ||| ZAPPING wand of iceblast (11) at -4,-1 (Sigmund;
                  | floor).
  3837 | D:5      | 3837 ||| ZAPPING wand of iceblast (10) at -3,0 (Sigmund;
                  | floor).
  3837 | D:5      | Killed Sigmund
  3908 | D:5      | HP: 8/35 [ice beast (2)]
  3908 | D:5      | Slain by an ice beast

Levels and vault maps discovered:
D:1:      lemuel_arrival_hallway, layout_basic,
          hellmonk_ecumenical_altar_watching_god, minmay_pentomino_r2
D:2:      layout_basic, basic_altar, minivault_24, dreamdust_mushroom_princess,
          roderic_st_hans_cross, uniq_natasha
D:3:      layout_loops_ring, serial_shops, nicolae_shop_back_alley_shop,
          grunt_ministairs_7, uniq_jessica
D:4:      minmay_door_path, layout_basic, trog_book,
          mainiacjoe_overflow_concentric_impassable, grunt_ministairs_5
D:5:      layout_loops_ring, st_stairs_9, uniq_menkaure, uniq_sigmund

Skill      XL: |  1  2  3  4  5  6  7 |
---------------+----------------------+-----
Dodging        | 3 4 5 6 7 |  7.9
Ranged Weapons | 5 6 7 |  7.4
Fighting       | 2 |  2.0
Stealth        | |  1.5

Action                     |  1- 3 |  4- 6 |  7- 9 || total
---------------------------+-------+-------+-------++-------
   Fire: Shortbow          |    92 |   168 |    76 ||   336
  Evoke: Wand              |       |     1 |     2 ||     3
    Use: Scroll            |     1 |     7 |       ||     8
         Potion            |       |       |     3 ||     3
 Armour: Robe              |    11 |    45 |    18 ||    74
  Dodge: Dodged            |    15 |   105 |    46 ||   166

Table legend:
 A = Non-vault XP
 B = Vault XP
 C = Vault XP percentage of total XP
 D = Non-vault monster count
 E = Vault monster count
 F = Vault count percentage of total count
                 A         B        C        D         E       F
            +---------+---------+-------+---------+---------+-------
      Total |     602 |     577 |  48.9 |      79 |      14 |  15.1
            +---------+---------+-------+---------+---------+-------
        D:1 |      45 |       1 |   2.2 |      26 |       1 |   3.7
        D:2 |      66 |      36 |  35.3 |      14 |       1 |   6.7
        D:3 |      62 |      41 |  39.8 |      17 |       3 |  15.0
        D:4 |     403 |     260 |  39.2 |      20 |       8 |  28.6
        D:5 |      26 |     239 |  90.2 |       2 |       1 |  33.3
            +---------+---------+-------+---------+---------+-------
